 Dungeon Crawl Stone Soup version 0.30.0-5-g1a98f26d00 (webtiles) character file.

Game seed: 15733206908672454531

352 jasper the Insei (level 6, 0/40 (43) HPs)
             Began as a Demonspawn Transmuter on May 11, 2023.
             Slain by a gnoll
             ... wielding a +3 whip of venom
              (4 damage)
             ... on level 3 of the Dungeon.
             The game lasted 00:02:39 (2054 turns).

jasper the Insei (Demonspawn Transmuter)            Turns: 2054, Time: 00:02:40

HP:   0/40 (43)     AC:  5    Str: 11    XL:     6   Next: 35%
MP:   9/9           EV: 10    Int: 16    God:
Gold: 221           SH:  0    Dex: 13    Spells: 6/9 levels left

rFire   . .          .
                       - Unarmed
rCold   . . .        (no shield)
rNeg    . . .        l - +0 ring mail
rPois   .            (helmet currently unavailable)
rElec   .            (no cloak)
rCorr   .            (no gloves)
SInv    .            (boots currently unavailable)
Will    .....        (no amulet)
Stlth   +            (no ring)
HPRegen 0.26/turn    (no ring)
MPRegen 0.11/turn

%: no passive effects
@: mighty, lethally poisoned (0 -> -9), appendages (expiring), drained
A: horns 2, talons 2, claws 1, foul stench 1, powered by pain 1
a: End Transformation


You were on level 3 of the Dungeon.
You had temporarily grown beastly horns and talons.
You visited 1 branch of the dungeon, and saw 3 of its levels.

You collected 221 gold pieces.

Inventory:

Missiles
 g - 5 stones
 o - 5 javelins
Armour
 a - a +1 robe
 l - a +0 ring mail (worn)
Jewellery
 c - an amulet of the acrobat
Scrolls
 e - a scroll of noise {unknown}
 f - 2 scrolls of identify {unknown}
 j - a scroll of enchant armour
 k - 2 scrolls of teleportation {unknown}
 n - a scroll of vulnerability {unknown}
Potions
 b - 5 potions of lignification
 d - a potion of curing {unknown}
 h - a potion of haste {unknown}
 i - a potion of magic {unknown}
 m - 3 potions of heal wounds {unknown}


   Skills:
 - Level 1.0 Fighting
 - Level 1.7 Dodging
 + Level 6.6 Unarmed Combat
 - Level 2.0 Spellcasting
 - Level 1.7 Transmutations


You had 6 spell levels left.
You knew the following spells:

 Your Spells              Type           Power      Damage    Failure   Level
a - Beastly Appendage     Tmut           14%        N/A       24%         1
b - Wereblood             Tmut           7%         N/A       36%         2

Your spell library contained the following spells:

 Spells                   Type           Power      Damage    Failure   Level
 Spider Form              Tmut/Pois      4%         N/A       71%         3
 Ozocubu's Armour         Ice            1%         N/A       83%         3
 Tukima's Dance           Hex            1%         N/A       83%         3
 Ice Form                 Ice/Tmut       4%         N/A       98%         4
 Passage of Golubria      Tloc           1%         N/A       99%         4
 Yara's Violent Unravell  Hex/Tmut       2%         3d3       100%        5
 Ozocubu's Refrigeration  Ice            0%         4d7       100%        7


Dungeon Overview and Level Annotations

Branches:
Dungeon (3/15)

Altars:

Annotations:
D:3 Jessica


Innate Abilities, Weirdness & Mutations

You have temporarily grown beastly horns and talons.
You have sharp fingernails.
You may rarely emit foul miasma when damaged in melee.
You sometimes gain a little power by taking damage.


Message History

The quokka bites you.
The gnoll hits you from afar with a +0 spear.
You take 8 damage, and have 24/39 hp.
MASSIVE DAMAGE!!
You scratch the quokka but do no damage.
Your headbutt misses the quokka. You claw the quokka.
You kill the quokka!
The gnoll closely misses you. The gnoll hits you with a +0 spear.
The gnoll hits you from afar with a +0 halberd.
You see here a quokka corpse.
You take 5 damage, and have 20/39 hp.
You barely miss the gnoll. You claw the gnoll.
The gnoll is moderately wounded.
The gnoll hits you with a +0 spear. The gnoll closely misses you.
You take 5 damage, and have 15/39 hp.
You claw the gnoll!
You kill the gnoll!
The gnoll barely misses you.
Jessica the Apprentice Sorceress comes into view.
She is wielding a +0 club and carrying a wand of flame (19).
The gnoll barely misses you.
You see here a +0 spear.
Jessica shouts!
You claw the gnoll! You claw the gnoll.
You kill the gnoll!
MP restored: 9 Your transformation is almost over.
The gnoll hits you with a +3 whip of venom!
* * * LOW HITPOINT WARNING * * *
You focus on the pain.
You feel very mighty all of a sudden.
You are lethally poisoned!
Things that are here:
a +0 halberd; a gnoll corpse You take 9 damage, and have 7/40 hp.
MASSIVE DAMAGE!!
You claw the gnoll!
The gnoll is almost dead.
* * * LOW HITPOINT WARNING * * *
You feel very sick.
The gnoll hits you with a +3 whip of venom.
You die...

# #. #....
............ ...##♣
#........ ..#..#
#........
#..###.###........
#......##..###.###
#.#.# #......... ###
#†#.# ##.###.... ..#
#)#.# ###.###.... ..#
#@#.# #....##.... ..+
. #g#.# #....+.....
..# ..
###.#.####....#####.
..# ...
#.......##....# #.
#.# ....
#...@...'.....# #. .#
.....##.......#.....#
#. ..
#..'.......#.....# #.
####.......#.##### #.
#.......#.#########.


You could see a gnoll and Jessica.

Vanquished Creatures
  5 wights (D:3)
  An adder (D:3)
  2 gnolls (D:3)
  2 dart slugs (D:1)
  9 ball pythons
  6 endoplasms
  A giant cockroach (D:1)
  2 goblins
  7 hobgoblins
  3 jackals (D:1)
  A kobold (D:2)
  6 quokkas
  A bat (D:1)
  4 frilled lizards
  6 rats
56 creatures vanquished.

Notes
Turn   | Place    | Note
-------+----------+-------------------------------------------
     0 | D:1      | jasper the Demonspawn Transmuter began the quest for the
                  | Orb.
     0 | D:1      | Reached XP level 1. HP: 15/15 MP: 3/3
   125 | D:1      | Reached skill level 3 in Unarmed Combat
   197 | D:1      | Gained mutation: You have sharp fingernails. [demonic
                  | ancestry]
   197 | D:1      | Reached XP level 2. HP: 21/21 MP: 3/5
   402 | D:1      | Reached XP level 3. HP: 15/26 MP: 6/6
   508 | D:1      | Found a faded altar of an unknown god.
   508 | D:1      | Noticed a floating eye
   515 | D:1      | Noticed a golden eye
   515 | D:1      | Noticed an eye of devastation
   515 | D:1      | Noticed a golden eye
   919 | D:2      | Reached skill level 4 in Unarmed Combat
  1251 | D:2      | Learned a level 2 spell: Wereblood
  1723 | D:3      | Noticed a wight
  1723 | D:3      | Noticed a wight
  1724 | D:3      | Noticed a wight
  1727 | D:3      | Killed a wight
  1728 | D:3      | Reached skill level 5 in Unarmed Combat
  1728 | D:3      | Gained mutation: You may rarely emit foul miasma when
                  | damaged in melee. [demonic ancestry]
  1728 | D:3      | Reached XP level 4. HP: 32/32 MP: 7/7
  1734 | D:3      | Reached XP level 5. HP: 37/37 MP: 8/8
  1787 | D:3      | Reached skill level 6 in Unarmed Combat
  1787 | D:3      | Gained mutation: You sometimes gain a little power by
                  | taking damage. [demonic ancestry]
  1787 | D:3      | Reached XP level 6. HP: 42/43 MP: 9/9
  2051 | D:3      | Noticed Jessica
  2054 | D:3      | Slain by a gnoll

Illustrated notes

Levels and vault maps discovered:
D:1:      dpeg_arrival_simpleton_b, layout_loops_ring,
          hellmonk_ecumenical_altar_watching_god, feat_on_display
D:2:      layout_rooms, minmay_pentomino_z2
D:3:      layout_basic, minmay_tree_intersection, serial_bayou_pond_d,
          uniq_jessica, uniq_terence

Skill      XL: |  1  2  3  4  5 |
---------------+----------------+-----
Unarmed Combat | 3 5 6 |  6.6
Fighting       | |  1.0
Dodging        | |  1.7
Spellcasting   | |  2.0
Transmutations | |  1.7

Action                     |  1- 3 |  4- 6 || total
---------------------------+-------+-------++-------
  Melee: Unarmed           |   112 |    29 ||   141
         Kick              |    10 |     1 ||    11
         Headbutt          |     7 |     1 ||     8
         Punch             |     5 |     3 ||     8
   Cast: Beastly Appendage |    17 |     1 ||    18
    Use: Scroll            |     2 |       ||     2
         Potion            |     1 |       ||     1
   Stab: Sleeping          |     2 |       ||     2
 Armour: Robe              |    19 |       ||    19
         Ring mail         |     1 |     3 ||     4
         Skin              |       |     1 ||     1
  Dodge: Dodged            |    85 |    10 ||    95
